[Event "Early-Titled-Tuesday-Blitz-August-29-2023"]
[Site "Chess.com"]
[Date "2023.08.29"]
[Round "10"]
[White "Colombiano07"]
[Black "Romkachess"]
[Result "1-0"]
[WhiteElo "2411"]
[BlackElo "2536"]
[TimeControl "180+1"]
[EndTime "9:52:24 PDT"]
[Termination "Colombiano07 won by checkmate"]

1. d4 Nf6 2. c4 e6 3. Nc3 Bb4 4. e3 O-O 5. Ne2 d5 6. a3 Be7 7. cxd5 exd5 8. Nf4 c6 9. Bd3 h6 10. O-O Re8 11. Bd2 Nbd7 12. b4 Nf8 13. Qc2 Ne6 14.
Nxe6 Bxe6 15. Rab1 Rc8 16. a4 Qd6 17. f3 Qd7 18. Be1 Bd6 19. Bh4 Qc7 20. h3 Nh5 21. Ne2 Bd7 22. e4 Nf4 23. Nxf4 Bxf4 24. e5 Be3+ 25.
Bf2 Bxf2+ 26. Qxf2 a5 27. b5 cxb5 28. Bxb5 Red8 29.
f4 Bxb5 30. Rxb5 Qc4 31. Rxb7 Qxa4 32. e6 fxe6 33. Qg3 Rd7 34. Rfb1 Rcc7 35. Rxc7 Qxd4+ 36. Kh2 Rxc7 37. f5 e5 38. Rb8+ Kf7 39. Qg6+ Ke7 40. Qe6# 1-0

[Event "Early-Titled-Tuesday-Blitz-August-29-2023"]
[Site "Chess.com"]
[Date "2023.08.29"]
[Round "10"]
[White "HElissalt"]
[Black "vishwa_vijeta"]
[Result "0-1"]
[WhiteElo "2350"]
[BlackElo "2516"]
[TimeControl "180+1"]
[EndTime "9:52:24 PDT"]
[Termination "vishwa_vijeta won by resignation"]

1. d4 Nf6 2. c4 g6 3. Nc3 d5 4. cxd5 Nxd5 5. Bd2 Bg7 6. e4 Nxc3 7. Bxc3 O-O 8. h4 c5 9. d5 Bxc3+ 10. bxc3 Qa5 11. Qd2 h5 12. Nf3 e6 13. c4 Qxd2+ 14. Kxd2 exd5 15.
exd5 b6 16. Bd3 Bg4 17. Ne5 Nd7 18. Nxg4 hxg4 19. a4 Kg7 20. g3 Ne5 21. Kc3 Nf3 22. a5 f5 23. Ra2 f4 24. h5 fxg3 25. fxg3 Ne5 26. Be4 Rh8 27. h6+ Kf6 28. axb6 axb6 29. Rxa8 Rxa8 30. h7 Kg7 31. h8=Q+ Rxh8 32. Rxh8 Kxh8 33.
d6 Kg7 34. Bd5 Kf6 35. Kd2 Nd7 36. Ke3 Ke5 37. Bf7 Kxd6 38. Bxg6 Ne5 39. Bf5 Nxc4+ 40. Ke4 Ne5 0-1

[Event "Early-Titled-Tuesday-Blitz-August-29-2023"]
[Site "Chess.com"]
[Date "2023.08.29"]
[Round "10"]
[White "alturas_pacificas"]
[Black "KevinGeorgeMicheal"]
[Result "1-0"]
[WhiteElo "2392"]
[BlackElo "2185"]
[TimeControl "180+1"]
[EndTime "9:52:25 PDT"]
[Termination "alturas_pacificas won by resignation"]

1. d4 g6 2. Bf4 Bg7 3. e3 c5 4. c3 Nc6 5. Nf3 d6 6. dxc5 dxc5 7. Qxd8+ Nxd8 8. Na3 a6 9. Nc4 e5 10. Bxe5 Bxe5 11. Nfxe5 Nh6 12. Nb6 Rb8 13. Nxc8 Rxc8 14.
O-O-O Ne6 15. Bc4 Rc7 16. Bxe6 fxe6 17. e4 Ke7 18. f3 Ng8 19. g4 Nf6 20. Rd2 Nd7 21.
Nxd7 Rxd7 22. Rxd7+ Kxd7 23. Kd2 Rf8 24. Ke2 Ke7 25.
Rd1 Rf7 26. Ke3 Rf8 27. h4 h6 28. f4 Rf7 29. a4 a5 30. e5 Rf8 31.
Rd6 h5 32. gxh5 gxh5 33. Rb6 Rb8 34. Kd3 Kd7 35. Kc4 Rf8 36. Kxc5 Rxf4 37. Rxb7+ Ke8 38. b4 axb4 39. cxb4 Rg4 40. a5 Rxh4 41. a6 Rh1 42. a7 1-0

[Event "Early-Titled-Tuesday-Blitz-August-29-2023"]
[Site "Chess.com"]
[Date "2023.08.29"]
[Round "10"]
[White "Gauravthegm"]
[Black "santosalberto1987"]
[Result "1/2-1/2"]
[WhiteElo "2432"]
[BlackElo "2547"]
[TimeControl "180+1"]
[EndTime "9:52:26 PDT"]
[Termination "Game drawn by repetition"]

1. e4 e6 2. d4 d5 3. Bd3 dxe4 4.
Bxe4 Nf6 5. Bf3 Bd6 6. Ne2 O-O 7. O-O e5 8. Bg5 Nbd7 9. Nbc3 h6 10. Bh4 Re8 11. Re1 g5 12. dxe5 Nxe5 13. Bg3 Nxf3+ 14. gxf3 Bf5 15. Nd4 Bg6 16. Rxe8+ Qxe8 17. Ndb5 Bxg3 18. hxg3 Qc6 19. Nd4 Qc4 20. Nb3 Re8 21. Qd4 Qxd4 22. Nxd4 c5 23. Ndb5 a6 24. Nd6 Re7 25. Nce4 Nxe4 26.
fxe4 Bxe4 27. Re1 f5 28. Nxf5 Re6 29. Nxh6+ Rxh6 30. Rxe4 Rd6 31. Re2 Kf7 32. Kg2 Kf6 33.
f4 gxf4 34. gxf4 Rd1 35. Kf3 b5 36. Ke3 Kf5 37. Rd2 Rxd2 38. Kxd2 Kxf4 39. Kd3 Ke5 40. c4 b4 41. Ke3 Kf5 42. Kf3 a5 43. b3 Ke5 44.
Ke3 Kf5 45. Kf3 Ke5 46. Ke3 Kf5 47. Kf3 1/2-1/2

[Event "Early-Titled-Tuesday-Blitz-August-29-2023"]
[Site "Chess.com"]
[Date "2023.08.29"]
[Round "10"]
[White "aranibos"]
[Black "Cherneevo_23"]
[Result "0-1"]
[WhiteElo "2289"]
[BlackElo "2420"]
[TimeControl "180+1"]
[EndTime "9:52:26 PDT"]
[Termination "Cherneevo_23 won by resignation"]

1. Nf3 Nf6 2. d4 g6 3. c3 Bg7 4. Bg5 d5 5. Nbd2 O-O 6. e3 c6 7. Bd3 Nbd7 8. h4 h5 9. Ne5 Nxe5 10. dxe5 Ng4 11. Bf4 Nxe5 12. Bc2 Qb6 13. Rb1 Be6 14. O-O Rad8 15. Nb3 Ng4 16. Nd4 Bc8 17. Bg3 e5 18.
Ne2 f5 19. b4 Be6 20. a4 Qc7 21. Bb3 f4 22. exf4 exf4 23. Nxf4 Rxf4 24. Bxf4 Qxf4 25. g3 Qf7 26. Bc2 Bf5 27. Bxf5 Qxf5 28. Qd2 Ne5 29.
Qe3 b6 30. a5 Nc4 31. Qe7 Qd7 32. Qg5 Kh7 33. axb6 axb6 34. Rbe1 Re8 35. Rxe8 Qxe8 36. Ra1 Ne5 37. Kg2 Qf7 38. f4 Ng4 39. Re1 Bf6 0-1

[Event "Early-Titled-Tuesday-Blitz-August-29-2023"]
[Site "Chess.com"]
[Date "2023.08.29"]
[Round "10"]
[White "le_poisson"]
[Black "ExchangeAB"]
[Result "0-1"]
[WhiteElo "2320"]
[BlackElo "2450"]
[TimeControl "180+1"]
[EndTime "9:52:27 PDT"]
[Termination "ExchangeAB won on time"]

1. e4 c6 2. d4 d5 3. e5 Bf5 4.
h4 h5 5. Bd3 Bxd3 6. Qxd3 e6 7.
Bg5 Qa5+ 8. Nd2 Qa6 9. c4 Bb4 10. b3 Nd7 11. Nf3 Ne7 12. O-O Nf5 13. Rfc1 Nb6 14.
Nf1 Qa3 15. Rc2 dxc4 16. Qd1 cxb3 17. axb3 Qxb3 18. Rb1 Qa4 19. Qe2 Nd5 20. Ra2 Qb5 21. Qc2 a5 22. N1d2 Nc3 23. Rxb4 Qxb4 24. Rb2 Ne2+ 25.
Kh2 Nexd4 26. Nxd4 Nxd4 27. Qc1 Qa4 28. Rxb7 O-O 0-1

[Event "Early-Titled-Tuesday-Blitz-August-29-2023"]
[Site "Chess.com"]
[Date "2023.08.29"]
[Round "10"]
[White "Xavier_mompel"]
[Black "BillCoe"]
[Result "1-0"]
[WhiteElo "2307"]
[BlackElo "2128"]
[TimeControl "180+1"]
[EndTime "9:52:27 PDT"]
[Termination "Xavier_mompel won by resignation"]

1. e4 c5 2. Nf3 e6 3. d4 cxd4 4. Nxd4 a6 5. c4 Qc7 6. Nc3 Nf6 7. a3 Bc5 8. Be3 O-O 9. Be2 d6 10. O-O Nbd7 11. b4 Ba7 12. f4 b5 13. Qb3 Bb7 14. cxb5 Nxe4 15. Nxe4 Bxe4 16. bxa6 Nf6 17. Kh1 Bd5 18. Qd3 Rfc8 19. Nb5 Qd7 20. Nxa7 Rxa7 21. Bxa7 Qxa7 22. Rac1 Rd8 23. a4 Qb6 24. b5 Qa5 25. Qd4 Nd7 26. Bf3 Bxf3 27. Rxf3 Nc5 28. Rfc3 h6 29.
h3 Kh7 30. Rxc5 dxc5 31. Qxc5 Qxa4 32. Qc2+ Qxc2 33. Rxc2 Rd1+ 34. Kh2 Rb1 35. a7 1-0

[Event "Early-Titled-Tuesday-Blitz-August-29-2023"]
[Site "Chess.com"]
[Date "2023.08.29"]
[Round "10"]
[White "Muracle"]
[Black "wannabe2700"]
[Result "0-1"]
[WhiteElo "2491"]
[BlackElo "2645"]
[TimeControl "180+1"]
[EndTime "9:52:30 PDT"]
[Termination "wannabe2700 won on time"]

1. d4 Nf6 2. c4 g6 3. Nf3 Bg7 4. g3 O-O 5. Bg2 c5 6. d5 b5 7.
cxb5 a6 8. bxa6 Qa5+ 9. Nc3 Ne4 10. Bd2 Nxc3 11. bxc3 Bxc3 12. O-O d6 13. Qc1 Bxd2 14. Qxd2 Qxd2 15. Nxd2 Bxa6 16. Rfe1 Nd7 17. e4 Rfb8 18.
f4 Rb2 19. Nf3 Bd3 20. a4 Ra5 21. e5 Nb6 22. exd6 exd6 23. Ng5 h6 24. Ne4 Bxe4 25. Rxe4 c4 26. Bf1 c3 27. Bb5 Nxd5 28. Rc1 c2 29. Re2 Nb4 30. Kg2 Ra7 31. Kf3 Rc7 32.
Ke3 Na2 33. Ree1 Re7+ 34. Kd2 Rxe1 0-1

[Event "Early-Titled-Tuesday-Blitz-August-29-2023"]
[Site "Chess.com"]
[Date "2023.08.29"]
[Round "10"]
[White "IngOscarArdila"]
[Black "TC2304"]
[Result "1-0"]
[WhiteElo "2309"]
[BlackElo "2399"]
[TimeControl "180+1"]
[EndTime "9:52:30 PDT"]
[Termination "IngOscarArdila won by resignation"]

1. d4 d5 2. c4 c6 3. Nc3 Nf6 4. Bf4 a6 5. e3 b5 6. cxd5 cxd5 7.
Nf3 e6 8. a4 b4 9. Na2 Bd6 10.
Bxd6 Qxd6 11. Qb3 a5 12. Bb5+ Bd7 13. Bxd7+ Nbxd7 14. O-O O-O 15. Nc1 Rfc8 16. Nd3 Ne4 17.
Rac1 Nb6 18. Rfd1 Qd7 19. Nc5 Nxc5 20. dxc5 Nxa4 21. c6 Rxc6 22. Ne5 Rxc1 23. Nxd7 Rxd1+ 24. Qxd1 Nxb2 25. Qc2 Nc4 26. Qa4 f6 27. Qc6 Rd8 28. Qxe6+ Kh8 29. Qe7 Rg8 30. Nc5 h6 31. Qf7 Rb8 32. Nd7 Rg8 33. Qxd5 Rc8 34. Qb7 Rd8 35.
Qc7 Rxd7 36. Qxd7 b3 37. Qd8+ Kh7 38. Qd3+ Kg8 39. Qxc4+ Kf8 40. Qxb3 1-0

[Event "Early-Titled-Tuesday-Blitz-August-29-2023"]
[Site "Chess.com"]
[Date "2023.08.29"]
[Round "10"]
[White "ChessicallyInclined"]
[Black "Road2GM3000"]
[Result "1-0"]
[WhiteElo "2672"]
[BlackElo "2426"]
[TimeControl "180+1"]
[EndTime "9:52:33 PDT"]
[Termination "ChessicallyInclined won on time"]

1. e4 c5 2. Nf3 d6 3. Bb5+ Nd7 4.
c4 Nf6 5. Nc3 g6 6. d3 Bg7 7. h3 O-O 8. Bf4 Ne8 9. Qd2 Nc7 10.
Bxd7 Bxd7 11. Bh6 Ne6 12. h4 Nd4 13. h5 Nxf3+ 14. gxf3 Bd4 15. Ne2 Re8 16. Nxd4 cxd4 17.
Ke2 e5 18. Rag1 Re6 19. f4 exf4 20. Bxf4 Qe7 21. f3 b5 22. b3 a5 23. Kf2 a4 24.
Qb2 axb3 25. axb3 bxc4 26. bxc4 Bc6 27. Qxd4 Ra2+ 28. Ke3 Qf6 29. Qxf6 Rxf6 30. Rb1 gxh5 31. Rb8+ Kg7 32. c5 dxc5 33. Be5 Kg6 34. Rg1+ Kh6 35. Bxf6 1-0

[Event "Early-Titled-Tuesday-Blitz-August-29-2023"]
[Site "Chess.com"]
[Date "2023.08.29"]
[Round "10"]
[White "denizozen"]
[Black "FairChess_on_YouTube"]
[Result "0-1"]
[WhiteElo "2859"]
[BlackElo "3049"]
[TimeControl "180+1"]
[EndTime "9:52:34 PDT"]
[Termination "FairChess_on_YouTube won by resignation"]

1. e4 c5 2. Nf3 e6 3. d4 cxd4 4. Bg5 Qc7 5. Qxd4 Nc6 6. Qd2 Nf6 7. Bd3 Bc5 8. O-O d6 9. Nc3 a6 10. Rfe1 Ng4 11. Bh4 f6 12. Bg3 Nce5 13. Nxe5 fxe5 14. h3 Nf6 15. Rad1 O-O 16. Qe2 b5 17. a3 Bb7 18.
Kh1 Qf7 19. Nb1 Nh5 20. Rf1 Qg6 21. Kh2 Nf4 22. Qg4 Qh6 23. Nd2 Rf6 24. Bxf4 Rxf4 25.
Qg3 Raf8 26. Nf3 R8f6 27. Kh1 Qh5 28. Kh2 Rg6 0-1

[Event "Early-Titled-Tuesday-Blitz-August-29-2023"]
[Site "Chess.com"]
[Date "2023.08.29"]
[Round "10"]
[White "Witik"]
[Black "jaskol95"]
[Result "1-0"]
[WhiteElo "2791"]
[BlackElo "2577"]
[TimeControl "180+1"]
[EndTime "9:52:36 PDT"]
[Termination "Witik won by checkmate"]

1. d4 d5 2. Bf4 c5 3. e3 Nc6 4. c3 Nf6 5. Nd2 Bf5 6. Ngf3 e6 7. Nh4 Bg4 8. Qb3 Qb6 9. h3 Bh5 10. g4 Bg6 11. Nxg6 hxg6 12. Be2 c4 13. Qc2 Be7 14. b3 cxb3 15. axb3 Rc8 16. Kf1 a6 17. Kg2 Nd7 18.
c4 Nb4 19. Qb1 g5 20. Bg3 Nf6 21. c5 Qd8 22. Ra4 Nc6 23. b4 Kf8 24. b5 axb5 25.
Qxb5 Qd7 26. Rb1 Nd8 27. Qxd7 Nxd7 28. Nb3 b6 29. Ra7 Ke8 30. Bb5 Nc6 31. Rc7 Rxc7 32. Bxc7 bxc5 33. Bxc6 c4 34. Nc5 Bxc5 35. dxc5 Ke7 36.
Bd6+ Kd8 37. Rb7 Nxc5 38. Rb8# 1-0

[Event "Early-Titled-Tuesday-Blitz-August-29-2023"]
[Site "Chess.com"]
[Date "2023.08.29"]
[Round "10"]
[White "nitpicker"]
[Black "falzehope0"]
[Result "0-1"]
[WhiteElo "2290"]
[BlackElo "2414"]
[TimeControl "180+1"]
[EndTime "9:52:36 PDT"]
[Termination "falzehope0 won on time"]

1. d4 d6 2. e4 Nf6 3. Nc3 Nbd7 4. h3 e5 5. Nge2 c6 6. a4 Qa5 7.
f3 Nh5 8. g4 Nhf6 9. Bg2 Be7 10. O-O h6 11. Be3 Nf8 12. Ng3 Ng6 13. Qd2 O-O 14. Nf5 Bxf5 15. gxf5 Nh4 16. Kh2 Nh7 17. Rg1 Kh8 18. Qe1 Ng5 19. Qg3 Qb4 20. dxe5 dxe5 21. Kh1 Nxg2 22. Qxg2 Bf6 23. h4 Nh7 24. Rab1 Rg8 25.
Qf2 b6 26. Ne2 Qxa4 27. b3 Qb4 28. Rbd1 Qe7 29. h5 Rgd8 30. f4 Rxd1 31. Rxd1 Rd8 32. Rd3 Rxd3 33. cxd3 Qa3 34. fxe5 Bxe5 35. Bd4 Bf6 36.
e5 Bg5 37. f6 gxf6 38. exf6 Qxb3 39. Qf5 Qd5+ 40. Qxd5 cxd5 41. Nc3 Bxf6 0-1

[Event "Early-Titled-Tuesday-Blitz-August-29-2023"]
[Site "Chess.com"]
[Date "2023.08.29"]
[Round "10"]
[White "biostatistician"]
[Black "GianmarcoVaR"]
[Result "1-0"]
[WhiteElo "2601"]
[BlackElo "2745"]
[TimeControl "180+1"]
[EndTime "9:52:41 PDT"]
[Termination "biostatistician won on time"]

1. d4 Nf6 2. Nf3 d5 3. c4 e6 4. Nc3 a6 5. cxd5 exd5 6. Bg5 Be6 7. e3 Nbd7 8. Bd3 c6 9. O-O Bd6 10. Rb1 Qc7 11. b4 h6 12. Bh4 Bg4 13. Bg3 Bxg3 14.
hxg3 h5 15. a4 h4 16. gxh4 Rxh4 17. g3 Rh3 18. Kg2 Ke7 19. Rh1 Rah8 20. Rxh3 Bxh3+ 21. Kg1 Bg4 22. Be2 Qd6 23. Nh4 Qe6 24. Bxg4 Nxg4 25. Qf3 Nh6 26. Qf4 Qf6 27. Qxf6+ Nxf6 28. b5 cxb5 29.
axb5 a5 30. b6 Rc8 31. Na4 Rc2 32. Nc5 Ne4 33. Nxb7 Nxf2 34. Nc5 Nhg4 35. Rb3 Nh3+ 36. Kf1 1-0

[Event "Early-Titled-Tuesday-Blitz-August-29-2023"]
[Site "Chess.com"]
[Date "2023.08.29"]
[Round "10"]
[White "CrazyAdvenTures"]
[Black "BlueWizzard"]
[Result "0-1"]
[WhiteElo "2691"]
[BlackElo "2897"]
[TimeControl "180+1"]
[EndTime "9:52:43 PDT"]
[Termination "BlueWizzard won by checkmate"]

1. e4 e5 2. Bc4 c6 3. d4 d5 4.
exd5 cxd5 5. Bb5+ Bd7 6. Bxd7+ Nxd7 7. dxe5 Nxe5 8. Nf3 Nxf3+ 9. Qxf3 Qe7+ 10. Kd1 O-O-O 11. Re1 Qd7 12. Bf4 Bd6 13. Qc3+ Kb8 14. Qxg7 Bxf4 15. Qxh8 d4 16. Nd2 d3 17. c3 Qg4+ 18. Kc1 Qxg2 19. Rd1 Qxf2 20. Qxh7 Nf6 21. Qxf7 Ne4 22. Qe7 Bxd2+ 23.
Kb1 Bg5 24. Qxe4 Qc2# 0-1

[Event "Early-Titled-Tuesday-Blitz-August-29-2023"]
[Site "Chess.com"]
[Date "2023.08.29"]
[Round "10"]
[White "campochess"]
[Black "jasrom"]
[Result "0-1"]
[WhiteElo "2205"]
[BlackElo "2412"]
[TimeControl "180+1"]
[EndTime "9:52:43 PDT"]
[Termination "jasrom won by resignation"]

1. Nc3 d5 2. d4 Bf5 3. Bf4 e6 4.
e3 a6 5. Nf3 Nf6 6. Nh4 Bg6 7.
Nxg6 hxg6 8. Ne2 c5 9. c3 Qb6 10. Qb3 Qxb3 11. axb3 Nc6 12. Kd2 Ne4+ 13. Ke1 g5 14.
Bc7 Rc8 15. Bb6 Bd6 16. g3 cxd4 17. exd4 g4 18. Bg2 f5 19. Bxe4 dxe4 20. Kf1 g5 21.
Kg2 Kf7 22. h4 gxh3+ 23. Rxh3 Rxh3 24. Kxh3 Rh8+ 25. Kg2 f4 26. f3 g4 27. Nxf4 exf3+ 28. Kf2 Rh2+ 29. Ke3 Ne7 30. Ke4 Nf5 31. Bc5 Nxg3+ 32.
Kd3 Bxf4 33. Kc4 f2 34. d5 f1=Q+ 35. Rxf1 Nxf1 36. dxe6+ Kxe6 37. b4 b5+ 38. Kd4 Be3+ 39. Ke4 Bxc5 40. bxc5 Rf2 0-1

[Event "Early-Titled-Tuesday-Blitz-August-29-2023"]
[Site "Chess.com"]
[Date "2023.08.29"]
[Round "10"]
[White "alexrustemov"]
[Black "BrandonJacobson"]
[Result "0-1"]
[WhiteElo "2877"]
[BlackElo "3016"]
[TimeControl "180+1"]
[EndTime "9:52:46 PDT"]
[Termination "BrandonJacobson won by checkmate"]

1. d4 Nf6 2. c4 g6 3. Nf3 Bg7 4. g3 O-O 5. Bg2 d6 6. Nc3 Nbd7 7. O-O e5 8. e4 exd4 9. Nxd4 Re8 10. h3 Nc5 11. Re1 h6 12. f3 Be6 13. b3 Nh5 14. g4 Qf6 15. Nce2 Ng3 16. Be3 Nxe2+ 17. Rxe2 Bd7 18. Rc1 h5 19. Qd2 hxg4 20. hxg4 Ne6 21.
Nxe6 Bxe6 22. g5 Qe7 23. Kf2 f5 24. gxf6 Bxf6 25. Rh1 Bh4+ 26. Kf1 Rf8 27. Bd4 Bf6 28. Bxf6 Qxf6 29. Qh6 Rf7 30. Kg1 Raf8 31. Rf2 g5 32.
Qh5 g4 33. f4 g3 34. Rf3 Qd4+ 35.
Kf1 Qd1# 0-1

[Event "Early-Titled-Tuesday-Blitz-August-29-2023"]
[Site "Chess.com"]
[Date "2023.08.29"]
[Round "10"]
[White "abhidabhi"]
[Black "wqws"]
[Result "1-0"]
[WhiteElo "2898"]
[BlackElo "2677"]
[TimeControl "180+1"]
[EndTime "9:52:48 PDT"]
[Termination "abhidabhi won on time"]

1. e4 c5 2. c3 Nf6 3. e5 Nd5 4.
Nf3 Nc6 5. g3 Nb6 6. Bg2 d5 7.
exd6 exd6 8. O-O Be7 9. d4 O-O 10. Re1 Bg4 11. h3 Bh5 12. g4 Bg6 13. d5 Nb8 14. Bf4 N8d7 15. Bg3 h6 16. Na3 Nf6 17. c4 Ne4 18. Bf4 Bf6 19. Qb3 Re8 20. Re2 Qd7 21. Rae1 Re7 22. Nb5 a6 23. Nxd6 Nxd6 24. Qxb6 Rxe2 25.
Rxe2 Nxc4 26. Qxc5 Rc8 27. Qb4 Qxd5 28. Ne5 Qd1+ 29.
Re1 Qd4 30. Nxg6 fxg6 31. Re4 Qd1+ 32. Kh2 Nxb2 33. Qxb7 Rf8 34. Qxa6 Nd3 35. Bg3 Bg5 36. Rd4 1-0

[Event "Early-Titled-Tuesday-Blitz-August-29-2023"]
[Site "Chess.com"]
[Date "2023.08.29"]
[Round "10"]
[White "maurovargas01"]
[Black "zurzan"]
[Result "0-1"]
[WhiteElo "1897"]
[BlackElo "2081"]
[TimeControl "180+1"]
[EndTime "9:52:48 PDT"]
[Termination "zurzan won on time"]

1. e4 g6 2. f4 Bg7 3. Nf3 d5 4.
Nc3 dxe4 5. Nxe4 Nd7 6. Bc4 Ngf6 7. Bxf7+ Kxf7 8. Neg5+ Kg8 9. Ne6 Qe8 10. Nxc7 Qd8 11.
Nxa8 b6 12. Qe2 Nc5 13. Qc4+ Be6 14. Qe2 Qxa8 15. b4 Nce4 16. d3 Ng4 17. Qxe4 Qxe4+ 18. dxe4 Bxa1 19. O-O Bc4 20. Rd1 Kf7 21. h3 Nh6 22. f5 Be2 23. Ng5+ Ke8 24. Rd2 Bc4 25. a4 Bc3 26. Rf2 Bd4 27. Ne6 Bxe6 28. fxe6 Ng8 29. Bh6 Nf6 30. c3 Bxf2+ 31. Kxf2 Nxe4+ 32. Ke3 Nf6 33. Kd4 Kd8 34. c4 Kc7 35. c5 Rd8+ 36. Kc4 Rd1 0-1

[Event "Early-Titled-Tuesday-Blitz-August-29-2023"]
[Site "Chess.com"]
[Date "2023.08.29"]
[Round "10"]
[White "imdvb6307"]
[Black "Zq1"]
[Result "1-0"]
[WhiteElo "2411"]
[BlackElo "2529"]
[TimeControl "180+1"]
[EndTime "9:52:50 PDT"]
[Termination "imdvb6307 won by resignation"]

1. c4 e6 2. Nc3 d5 3. cxd5 exd5 4. d4 c6 5. Bf4 Bd6 6. Bxd6 Qxd6 7. e3 Ne7 8. Bd3 Bf5 9. Nf3 O-O 10. O-O Nd7 11.
Rb1 a5 12. h3 Bg6 13. Qc2 b5 14. Rfc1 Nb6 15. e4 dxe4 16. Nxe4 Bxe4 17. Bxe4 g6 18. Qc5 Qxc5 19. Rxc5 Nbd5 20. Bxd5 Nxd5 21. Rxc6 Nb4 22. Rc5 Nxa2 23. Ra1 Nb4 24. Rxb5 Nd3 25. Ra3 Nf4 26.
Raxa5 Rxa5 27. Rxa5 Rb8 28. g3 Nd3 29. Ra3 Nxb2 30. Ne5 Rb7 31. h4 f6 32. Ng4 Kg7 33.
Ra6 Rf7 34. Ne3 Rd7 35. d5 Nd3 36. Kf1 Nb4 37. Ra5 Nd3 38. Rb5 f5 39. Ke2 Ne5 40. f4 Nf7 41. Kd3 Nd6 42. Rb6 Ne4 43. Kd4 Ra7 44.
Ke5 Kf7 45. Nc4 Re7+ 46. Kd4 Rd7 47. Ne5+ 1-0

[Event "Early-Titled-Tuesday-Blitz-August-29-2023"]
[Site "Chess.com"]
[Date "2023.08.29"]
[Round "10"]
[White "TigranHH"]
[Black "Blackwhite017"]
[Result "1-0"]
[WhiteElo "2255"]
[BlackElo "1998"]
[TimeControl "180+1"]
[EndTime "9:52:52 PDT"]
[Termination "TigranHH won by resignation"]

1. d4 d5 2. c4 c6 3. Nc3 Nf6 4. e3 g6 5. Nf3 Bg7 6. Be2 O-O 7.
O-O Bg4 8. b3 e6 9. h3 Bxf3 10.
Bxf3 Nbd7 11. Bb2 Re8 12. Rc1 dxc4 13. bxc4 e5 14. Qb3 Qb6 15. Rfd1 exd4 16. exd4 Qxb3 17. axb3 a6 18. d5 Ne5 19. Be2 cxd5 20. cxd5 Rac8 21.
Na4 Ned7 22. Bf3 b5 23. Nc3 Bh6 24. Ra1 Nc5 25. Ne2 Nfd7 26. b4 Na4 27. Bd4 Bg7 28.
Bg4 Bxd4 29. Nxd4 Rc7 30. Nc6 Rec8 31. Ne7+ Kf8 32. Nxc8 Rxc8 33. Bxd7 Rd8 34. Bc6 1-0

[Event "Early-Titled-Tuesday-Blitz-August-29-2023"]
[Site "Chess.com"]
[Date "2023.08.29"]
[Round "10"]
[White "19912131712118"]
[Black "AndresDelgado77"]
[Result "1-0"]
[WhiteElo "2412"]
[BlackElo "2260"]
[TimeControl "180+1"]
[EndTime "9:52:53 PDT"]
[Termination "19912131712118 won on time"]

1. e4 e6 2. d4 d5 3. Bd3 Nc6 4. exd5 exd5 5. Ne2 Bd6 6. O-O Nb4 7. Bb5+ Bd7 8.
Bxd7+ Qxd7 9. c3 Na6 10. b4 c6 11. Nd2 Nc7 12. Nf3 a5 13. a3 axb4 14. cxb4 Bxb4 15. Qb3 Qe7 16. Ng3 Nb5 17. Nf5 Qf6 18. g4 Be7 19.
Bg5 Qg6 20. Rfe1 O-O-O 21. Nxe7+ Nxe7 22. Bxe7 Qxg4+ 23. Kh1 Rde8 24. a4 Nxd4 25. Nxd4 Qxd4 26. Rab1 Qa7 27. Bc5 Rxe1+ 28. Rxe1 Qxc5 29. Qh3+ Kb8 30. Qg3+ Ka7 31. Qxg7 Rb8 32. Qxf7 Rf8 33. Qc7 Qxf2 34. Qa5+ Kb8 35. Qc3 Rf3 36. Re8+ Kc7 37. Qe5+ 1-0

[Event "Early-Titled-Tuesday-Blitz-August-29-2023"]
[Site "Chess.com"]
[Date "2023.08.29"]
[Round "10"]
[White "Miguelitro69"]
[Black "ferrufino64"]
[Result "1-0"]
[WhiteElo "2295"]
[BlackElo "2106"]
[TimeControl "180+1"]
[EndTime "9:52:54 PDT"]
[Termination "Miguelitro69 won by resignation"]

1. e4 c5 2. Nf3 d6 3. d4 cxd4 4. Nxd4 Nf6 5. Nc3 g6 6. Bc4 Bg7 7. Be3 Nc6 8. f3 O-O 9. Qd2 Nxd4 10. Bxd4 Be6 11. Bxe6 fxe6 12. O-O Qa5 13. Kh1 Rac8 14.
Rad1 Nd7 15. Bxg7 Kxg7 16. Qd4+ e5 17. Qd5 Qxd5 18. Rxd5 Rc4 19. Rf2 Rfc8 20. h3 Nf6 21. Rdd2 Nh5 22. Kh2 Nf4 23. g3 Ne6 24. Nd5 Kf7 25.
b3 Rd4 26. c4 Rxd2 27. Rxd2 Nd4 28. Kg2 Ke6 29. f4 Nc6 30. Kf3 Rf8 31. Ke3 h5 32. g4 hxg4 33. hxg4 Rh8 34. f5+ gxf5 35. exf5+ Kf7 36. Ke4 Rh4 37. Ne3 Nd4 38. Rf2 Rh1 39.
g5 Rh4+ 40. Kd3 Rf4 41. g6+ Kg7 42. Rxf4 exf4 43. Kxd4 fxe3 44. Kxe3 e6 45. Kf4 e5+ 46. Kg5 b5 47. f6+ Kf8 48. Kf5 bxc4 49. bxc4 a5 50.
a4 Kg8 51. Ke6 e4 52. Ke7 e3 53.
f7+ Kg7 54. f8=Q+ Kxg6 55. Qf3 1-0

[Event "Early-Titled-Tuesday-Blitz-August-29-2023"]
[Site "Chess.com"]
[Date "2023.08.29"]
[Round "10"]
[White "Kirill_Klukin"]
[Black "thedjoker98"]
[Result "1-0"]
[WhiteElo "2804"]
[BlackElo "2592"]
[TimeControl "180+1"]
[EndTime "9:52:56 PDT"]
[Termination "Kirill_Klukin won by resignation"]

1. d4 d5 2. c4 c6 3. Nc3 Nf6 4. Nf3 dxc4 5. e3 b5 6. a4 b4 7.
Na2 a5 8. Bxc4 Ba6 9. Qe2 Bxc4 10. Qxc4 Qd5 11. Ne5 Nfd7 12. Qxd5 cxd5 13. Nxd7 Kxd7 14.
Bd2 e6 15. Nc1 Nc6 16. Nd3 Bd6 17. Ke2 e5 18. dxe5 Nxe5 19. b3 Nxd3 20. Kxd3 Be5 21. Rac1 Rac8 22. h3 Rxc1 23. Rxc1 Rc8 24. Rxc8 Kxc8 25.
e4 dxe4+ 26. Kxe4 Bf6 27. Kd5 Kb7 28. Kc5 Be7+ 29. Kb5 Bd8 30. Be3 h5 31. g4 hxg4 32. hxg4 g6 33. f3 Bc7 34. Bd4 Bd8 35. Kc5 Be7+ 36. Kd5 Kc7 37. Bc5 Bd8 38. Bf8 Kd7 39. Bd6 Bb6 40. Bb8 Bf2 41. Be5 Bb6 42. Bf6 Bf2 43. Bd4 Bxd4 44. Kxd4 Kc6 45. Ke5 Kd7 46. Kd5 Ke7 47. Kc5 g5 48. Kb5 Kd6 49. Kxa5 Kc5 50. Ka6 Kc6 51. a5 f6 52. Ka7 Kc7 53. a6 f5 54.
gxf5 g4 55. fxg4 1-0

[Event "Early-Titled-Tuesday-Blitz-August-29-2023"]
[Site "Chess.com"]
[Date "2023.08.29"]
[Round "10"]
[White "topin8"]
[Black "Caisachess"]
[Result "0-1"]
[WhiteElo "2470"]
[BlackElo "2350"]
[TimeControl "180+1"]
[EndTime "9:52:56 PDT"]
[Termination "Caisachess won on time"]

1. e4 e5 2. Nf3 Nc6 3. Bb5 f5 4.
d3 fxe4 5. dxe4 Nf6 6. Nc3 Bb4 7. O-O Bxc3 8. bxc3 d6 9. Qd3 Bg4 10. Nh4 Qd7 11.
h3 Be6 12. f4 exf4 13. Bxf4 O-O 14. Bg5 Nh5 15. Nf5 a6 16. Bxc6 bxc6 17. g4 Nf6 18.
Nh6+ Kh8 19. Bxf6 Rxf6 20. Rxf6 gxf6 21. Rf1 Qg7 22. Qe3 Re8 23. Qf4 Bxa2 24. Ra1 Bc4 25. Nf5 Qg5 26. Qf3 d5 27. h4 Qd2 28. Ne3 Qxc3 29. Ra3 Qe5 30. exd5 Bxd5 31. Nxd5 cxd5 32. Rxa6 Qe1+ 33. Qf1 Qxf1+ 0-1

[Event "Early-Titled-Tuesday-Blitz-August-29-2023"]
[Site "Chess.com"]
[Date "2023.08.29"]
[Round "10"]
[White "cottage_cheese"]
[Black "Quattroporte300"]
[Result "0-1"]
[WhiteElo "2292"]
[BlackElo "2417"]
[TimeControl "180+1"]
[EndTime "9:52:56 PDT"]
[Termination "Quattroporte300 won by checkmate"]

1. e4 c5 2. Nf3 d6 3. d4 cxd4 4.
Nxd4 Nf6 5. Nc3 a6 6. h3 e5 7. Nde2 h5 8. g3 Be6 9. Bg2 Qd7 10. a4 Be7 11. Bg5 Nc6 12. Bxf6 Bxf6 13. Nd5 Bd8 14. c4 O-O 15. Qd3 Rc8 16. Qf3 Ba5+ 17. Kf1 Nd4 18. Nxd4 exd4 19. Qxh5 Rxc4 20. Kg1 Rc2 21.
b4 Bd8 22. Rf1 Qxa4 23. Nf4 Qxb4 24. e5 d5 25. Nxd5 Bxd5 26. Bxd5 d3 27. Qf5 Qd4 28.
Bxb7 g6 29. Qf3 Bb6 30. Kg2 Rd8 31. Bxa6 d2 32. e6 fxe6 33. Be2 Rf8 34. Qg4 Rxf2+ 35. Rxf2 Qxf2# 0-1